ARIZONA vs COLORADO

Created - Monday, November 20, 2017 at 05:59

Goals
1 2 3 T
ARIZONA 4 4 0 8
COLORADO 0 3 0 3
Shots
1 2 3 T
ARIZONA 17 19 19 55
COLORADO 6 9 2 17

1st period

1. ARIZONA , William Nylander 5 (P.K. Subban 16, Mikael Backlund 9) at 0:12
2. ARIZONA , Ian Cole 3 (Tomas Plekanec 8, Ron Hainsey 2) at 6:26 (PP)
3. ARIZONA , Bryan Rust 3 (William Nylander 8, Tomas Plekanec 9) at 9:34 (PP)
4. ARIZONA , William Nylander 6 (Ian Cole 3) at 15:42 (PP)

Penalties :
Bryan Rust (ARI) for Tripping (Minor) at 2:31, Brandon Carlo (COL) for Delaying the game (Minor) at 5:56, Kevin Klein (COL) for Hooking (Minor) at 8:52, David Krejci (COL) for Elbowing (Minor) at 9:50, Mikko Koivu (COL) for Cross-checking (Minor) at 14:26

2nd period

5. ARIZONA , Gabriel Landeskog 6 (Ian Cole 4) at 3:10
6. ARIZONA , Gabriel Landeskog 7 (Ron Hainsey 3, Sean Couturier 4) at 4:51
7. COLORADO , Patrik Berglund 4 (Jonas Brodin 7, Carl Soderberg 2) at 9:19
8. COLORADO , Mikko Koivu 6 (Jack Johnson 5, David Pastrnak 7) at 9:46
9. ARIZONA , Justin Williams 3 (P.K. Subban 17, Mikael Backlund 10) at 16:49
10. ARIZONA , Mikhail Grigorenko 2 (P.K. Subban 18, Adam Larsson 7) at 17:24
11. COLORADO , Joe Thornton 5 (Mikko Koivu 8) at 18:14

Penalties :
No Penalty

3rd period

No Goal

Penalties :
David Pastrnak (COL) for Tripping (Minor) at 0:45, Riley Sheahan (COL) for Fighting (Major) at 1:06, Mikael Backlund (ARI) for Fighting (Major) at 1:06, Riley Sheahan (COL) for instigated a fight (Game Misconduct) at 1:06, Dylan Larkin (COL) for Slashing (Minor) at 6:05, Alexey Marchenko (COL) for Slashing (Minor) at 11:13, Brandon Manning (ARI) for Tripping (Minor) at 16:22

Goalie Stats

Curtis McElhinney (ARI), 14 saves from 17 shots - (0.824), W, 1-0-0, 60:00 minutes
Carey Price (COL), 47 saves from 55 shots - (0.855), L, 6-9-1, 60:00 minutes

Players Stats for ARIZONA

Player Name              G  A  P  +/- PIM S  H  SB GA TA FO     MP     PP MP  PK MP  
------------------------------------------------------------------------------------
Adam Larsson             0  1  1   1  0   4  2  1  0  0  0/0    23:28   5:22   1:50 
Alexander Burmistrov     0  0  0  -1  0   2  0  0  0  0  0/0    11:12   0:00   0:00 
Brandon Manning          0  0  0  -1  2   2  0  1  0  0  0/0    12:53   0:32   0:00 
Bryan Rust               1  0  1   1  2   2  1  0  0  0  0/1    10:38   4:54   0:38 
Gabriel Landeskog        2  0  2   1  0   6  4  0  0  0  0/2    19:05   5:19   0:34 
Ian Cole                 1  2  3   2  0   3  3  0  0  0  0/0    23:38   4:51   2:08 
Justin Williams          1  0  1   1  0   3  1  0  0  0  0/0    21:37   5:51   0:00 
Loui Eriksson            0  0  0  -1  0   2  0  0  0  0  0/1    11:12   0:00   0:00 
Mikael Backlund          0  2  2   1  5   3  2  0  0  0  15/24  20:09   4:34   0:34 
Mikhail Grigorenko       1  0  1   1  0   3  0  0  0  0  1/1     5:54   0:47   0:00 
Nicklas Grossmann        0  0  0  -1  0   1  0  0  0  0  0/0    12:54   0:32   0:00 
P.K. Subban              0  3  3   1  0   5  1  2  0  0  0/0    23:28   5:22   1:50 
Radek Faksa              0  0  0   1  0   1  1  0  0  0  5/10    5:58   0:00   0:38 
Reilly Smith             0  0  0   1  0   2  1  0  0  0  1/2    15:58   0:00   2:46 
Ron Hainsey              0  2  2   2  0   2  0  0  0  0  0/0    23:38   4:51   2:08 
Sean Couturier           0  1  1   1  0   4  0  0  0  0  11/23  16:30   0:00   2:46 
Tomas Plekanec           0  2  2  -1  0   3  2  0  0  0  13/25  16:47   5:35   0:00 
William Nylander         2  1  3   1  0   7  0  0  0  0  1/1    21:00   5:14   0:00 

Players Stats for COLORADO

Player Name              G  A  P  +/- PIM S  H  SB GA TA FO     MP     PP MP  PK MP  
------------------------------------------------------------------------------------
Adam Lowry               0  0  0  -1  0   1  1  0  0  0  0/0    14:22   0:00   2:41 
Alexey Marchenko         0  0  0   0  2   0  1  0  0  0  0/0     4:37   0:00   1:02 
Artem Anisimov           0  0  0  -1  0   2  0  0  0  0  0/1    16:41   2:23   0:00 
Artturi Lehkonen         0  0  0   0  0   0  1  0  0  0  1/1     4:08   0:00   0:00 
Brandon Carlo            0  0  0  -2  2   0  1  1  0  0  0/0    18:08   0:00   4:37 
Calvin de Haan           0  0  0  -2  0   0  2  1  0  0  0/0    15:55   2:23   0:00 
Carl Soderberg           0  1  1  -1  0   0  0  0  0  0  0/0    11:41   0:00   0:00 
Dan Girardi              0  0  0  -1  0   1  0  3  0  0  0/0    23:49   1:35   5:39 
David Krejci             0  0  0  -1  2   2  2  0  0  0  9/20   18:11   2:23   1:31 
David Pastrnak           0  1  1   0  2   4  0  1  0  0  0/2    22:43   1:35   5:48 
Dylan Larkin             0  0  0  -1  2   1  2  0  0  0  1/2    16:40   2:23   0:00 
Jack Johnson             0  1  1  -1  0   0  0  1  0  0  0/0    24:18   1:35   6:08 
Joe Thornton             1  0  1   0  0   1  1  0  0  0  5/9    20:46   1:35   3:05 
Jonas Brodin             0  1  1   1  0   1  0  0  0  0  0/0    14:00   2:23   0:03 
Kevin Klein              0  0  0   1  2   0  2  1  0  0  0/0    11:33   0:00   0:00 
Mikko Koivu              1  1  2   0  2   2  0  1  0  0  18/35  23:02   1:35   5:35 
Nick Bjugstad            0  0  0   0  0   0  2  0  0  0  2/5     4:08   0:00   0:00 
Nikita Nesterov          0  0  0   0  0   1  0  1  0  0  0/0     7:37   0:00   4:01 
Patrik Berglund          1  0  1  -1  0   1  0  0  0  0  7/14   11:58   0:00   0:17 
Riley Sheahan            0  0  0   0  17  0  0  0  0  0  0/1     3:12   0:00   0:54 

3 Stars

1 - Ian Cole (ARI)
2 - Gabriel Landeskog (ARI)
3 - William Nylander (ARI)

Power Play

ARIZONA - 3 on 8 Attempt(s) - 37.50%
COLORADO - 0 on 2 Attempt(s) - 0.00%

Penalty Kill

ARIZONA - 2 on 2 Attempt(s) - 100.00% - Score 0 goal in Penalty Kill
COLORADO - 5 on 8 Attempt(s) - 62.50% - Score 0 goal in Penalty Kill

Team Stat

ARIZONA - Hits : 18 - Faceoff Wins : 47 - Blocked Shots : 4 - Penalty Minutes : 9
COLORADO - Hits : 15 - Faceoff Wins : 43 - Blocked Shots : 10 - Penalty Minutes : 31

Official

Referees : Unknown
Linesman : Unknown

Game Notes

Mikael Backlund beats up Riley Sheahan at 1:06 of 3rd period
Riley Sheahan ejected from game at 1:06 of 3rd period

Finance

Level 1 -- Attendance: 6000 (100.00%) -- Ticket Income $552,000
Level 2 -- Attendance: 3917 (78.34%) -- Ticket Income $242,854
Level 3 -- Attendance: 1894 (94.70%) -- Ticket Income $64,396
Level 4 -- Attendance: 2926 (73.15%) -- Ticket Income $64,372
Luxury Box -- Attendance: 864 (86.40%) -- Ticket Income $155,520
Game was played at the Pepsi Center.
Total Attendance: 15601 (86.67%)
Total Ticket Income: $1,079,142
Total Income: $1,079,142

ARIZONA

5 vs 5 Forward 
   Center                   Left Wing                Right Wing               Time % Phy DF OF 
 1 Mikael Backlund          William Nylander         Justin Williams          35     1   2  2  
 2 Sean Couturier           Gabriel Landeskog        Reilly Smith             30     1   2  2  
 3 Tomas Plekanec           Alexander Burmistrov     Loui Eriksson            25     1   2  2  
 4 Radek Faksa              Mikhail Grigorenko       Bryan Rust               10     1   2  2  

5 vs 5 Defense 
   Defense                  Defense                                           Time % Phy DF OF 
 1 P.K. Subban              Adam Larsson                                      35     1   2  2  
 2 Ian Cole                 Ron Hainsey                                       33     1   2  2  
 3 Brandon Manning          Nicklas Grossmann                                 22     1   2  2  
 4 P.K. Subban              Adam Larsson                                      10     1   2  2  

PowerPlay Forward 
   Center                   Left Wing                Right Wing               Time % Phy DF OF 
 1 Mikael Backlund          Gabriel Landeskog        Justin Williams          60     1   2  2  
 2 Tomas Plekanec           William Nylander         Bryan Rust               40     1   2  2  

PowerPlay Defense
   Defense                  Defense                                           Time % Phy DF OF 
 1 P.K. Subban              Adam Larsson                                      60     1   2  2  
 2 Ian Cole                 Ron Hainsey                                       40     1   2  2  

Penalty Kill 4 Players Forward 
   Center                   Wing                     Time % Phy DF OF 
 1 Sean Couturier           Reilly Smith             65     1   2  2  
 2 Mikael Backlund          Gabriel Landeskog        35     1   2  2  

Penalty Kill 4 Players Defense
   Defense                  Defense                  Time % Phy DF OF 
 1 P.K. Subban              Adam Larsson             55     1   2  2  
 2 Ian Cole                 Ron Hainsey              45     1   2  2  

Penalty Kill - 3 Players Forward 
   Forward                                           Time % Phy DF OF 
 1 Sean Couturier                                    60     1   2  2  
 2 Tomas Plekanec                                    40     1   2  2  

Penalty Kill - 3 Players Defense
   Defense                  Defense                  Time % Phy DF OF 
 1 P.K. Subban              Adam Larsson             60     1   2  2  
 2 Ian Cole                 Ron Hainsey              40     1   2  2  

4 vs 4 Forward 
   Center                   Wing                     Time % Phy DF OF 
 1 Mikael Backlund          William Nylander         60     1   2  2  
 2 Tomas Plekanec           Justin Williams          40     1   2  2  

4 vs 4 Defense
   Defense                  Defense                  Time % Phy DF OF 
 1 Ian Cole                 Ron Hainsey              60     1   2  2  
 2 P.K. Subban              Adam Larsson             40     1   2  2  

Last Minutes Offensive
   Center                   Left Wing                Right Wing               Defense                  Defense                  
   Mikael Backlund          Gabriel Landeskog        Justin Williams          P.K. Subban              Adam Larsson             

Last Minutes Defensive
   Center                   Left Wing                Right Wing               Defense                  Defense                  
   Mikael Backlund          Gabriel Landeskog        Reilly Smith             P.K. Subban              Adam Larsson             

Goaltenders
Starting : Curtis McElhinney        
Backup : Pekka Rinne              

Extra Forwards
Normal : Radek Faksa, Sean Couturier, Alexander Burmistrov - PP : William Nylander, Bryan Rust - PK : Radek Faksa
Extra Defensemen
Normal : Brandon Manning, Nicklas Grossmann, Ian Cole - PP : Brandon Manning - PK : Ian Cole, Brandon Manning
Penalty Shots
Gabriel Landeskog, Mikael Backlund, Tomas Plekanec, Justin Williams, Sean Couturier

Scratches
Tom Pyatt (Healthy), John-Michael Liles (Healthy), ARI CAP HIT (Suspend), Carl Gunnarsson (Healthy), Mark Alt (Healthy)

COLORADO

5 vs 5 Forward 
   Center                   Left Wing                Right Wing               Time % Phy DF OF 
 1 Mikko Koivu              David Pastrnak           Joe Thornton             35     1   2  2  
 2 David Krejci             Artem Anisimov           Dylan Larkin             30     1   2  2  
 3 Patrik Berglund          Adam Lowry               Carl Soderberg           25     1   2  2  
 4 Nick Bjugstad            Riley Sheahan            Artturi Lehkonen         10     1   2  2  

5 vs 5 Defense 
   Defense                  Defense                                           Time % Phy DF OF 
 1 Jack Johnson             Dan Girardi                                       35     1   2  2  
 2 Calvin de Haan           Brandon Carlo                                     30     1   2  2  
 3 Jonas Brodin             Kevin Klein                                       25     1   2  2  
 4 Nikita Nesterov          Alexey Marchenko                                  10     1   2  2  

PowerPlay Forward 
   Center                   Left Wing                Right Wing               Time % Phy DF OF 
 1 Mikko Koivu              David Pastrnak           Joe Thornton             60     1   2  2  
 2 David Krejci             Artem Anisimov           Dylan Larkin             40     1   2  2  

PowerPlay Defense
   Defense                  Defense                                           Time % Phy DF OF 
 1 Jack Johnson             Dan Girardi                                       60     1   2  2  
 2 Jonas Brodin             Calvin de Haan                                    40     1   2  2  

Penalty Kill 4 Players Forward 
   Center                   Wing                     Time % Phy DF OF 
 1 Mikko Koivu              David Pastrnak           60     1   2  2  
 2 Joe Thornton             Adam Lowry               40     1   2  2  

Penalty Kill 4 Players Defense
   Defense                  Defense                  Time % Phy DF OF 
 1 Dan Girardi              Jack Johnson             60     1   2  2  
 2 Nikita Nesterov          Brandon Carlo            40     1   2  2  

Penalty Kill - 3 Players Forward 
   Forward                                           Time % Phy DF OF 
 1 David Pastrnak                                    60     1   2  2  
 2 Nick Bjugstad                                     40     1   2  2  

Penalty Kill - 3 Players Defense
   Defense                  Defense                  Time % Phy DF OF 
 1 Dan Girardi              Brandon Carlo            60     1   2  2  
 2 Alexey Marchenko         Jack Johnson             40     1   2  2  

4 vs 4 Forward 
   Center                   Wing                     Time % Phy DF OF 
 1 Joe Thornton             Mikko Koivu              60     1   2  2  
 2 Patrik Berglund          Carl Soderberg           40     1   2  2  

4 vs 4 Defense
   Defense                  Defense                  Time % Phy DF OF 
 1 Jack Johnson             Calvin de Haan           60     1   2  2  
 2 Kevin Klein              Dan Girardi              40     1   2  2  

Last Minutes Offensive
   Center                   Left Wing                Right Wing               Defense                  Defense                  
   Mikko Koivu              David Pastrnak           Joe Thornton             Jack Johnson             Dan Girardi              

Last Minutes Defensive
   Center                   Left Wing                Right Wing               Defense                  Defense                  
   Mikko Koivu              David Pastrnak           Joe Thornton             Jack Johnson             Dan Girardi              

Goaltenders
Starting : Carey Price              
Backup : Antti Niemi              

Extra Forwards
Normal : Artturi Lehkonen, Mikko Koivu, Joe Thornton - PP : David Pastrnak, David Krejci - PK : Riley Sheahan
Extra Defensemen
Normal : Kevin Klein, Nikita Nesterov, Alexey Marchenko - PP : Jack Johnson - PK : Dan Girardi, Jonas Brodin
Penalty Shots
Artturi Lehkonen, Mikko Koivu, Joe Thornton, David Pastrnak, David Krejci

Scratches
Daniil Tarasov (Healthy)

% Time on Ice - ARIZONA

Lines # - Real PCT - Wanted PCT - Time Play
Normal Forward
1 - 35% - 35% - 15:46
2 - 29% - 30% - 13:12
3 - 25% - 25% - 11:12
4 - 11% - 10% - 5:07
Normal Defense
1 - 33% - 35% - 14:46
2 - 37% - 33% - 16:39
3 - 27% - 22% - 12:22
4 - 3% - 10% - 1:30
PP Forward
1 - 54% - 60% - 5:51
2 - 46% - 40% - 4:54
PP Defense
1 - 50% - 60% - 5:22
2 - 50% - 40% - 5:23
PK Forward
1 - 86% - 65% - 3:24
2 - 14% - 35% - 0:34
PK Defense
1 - 46% - 55% - 1:50
2 - 54% - 45% - 2:08
PK3 Forward
1 - 0% - 60%
2 - 0% - 40%
PK3 Defense
1 - 0% - 60%
2 - 0% - 40%
44 Forward
1 - 0% - 60%
2 - 0% - 40%
44 Defense
1 - 0% - 60%
2 - 0% - 40%
Last Minute Offensive  - 0:00
Last Minute Defensive  - 0:00
Total
Forward - 60:00
Defense - 60:00

% Time on Ice - COLORADO

Lines # - Real PCT - Wanted PCT - Time Play
Normal Forward
1 - 33% - 35% - 15:10
2 - 32% - 30% - 14:18
3 - 26% - 25% - 11:41
4 - 9% - 10% - 4:08
Normal Defense
1 - 37% - 35% - 16:35
2 - 30% - 30% - 13:32
3 - 26% - 25% - 11:34
4 - 8% - 10% - 3:36
PP Forward
1 - 40% - 60% - 1:35
2 - 60% - 40% - 2:23
PP Defense
1 - 40% - 60% - 1:35
2 - 60% - 40% - 2:23
PK Forward
1 - 71% - 60% - 6:26
2 - 29% - 40% - 2:41
PK Defense
1 - 56% - 60% - 5:06
2 - 44% - 40% - 4:01
PK3 Forward
1 - 100% - 60% - 1:38
2 - 0% - 40% - 0:00
PK3 Defense
1 - 37% - 60% - 0:36
2 - 63% - 40% - 1:02
44 Forward
1 - 0% - 60%
2 - 0% - 40%
44 Defense
1 - 0% - 60%
2 - 0% - 40%
Last Minute Offensive  - 0:00
Last Minute Defensive  - 0:00
Total
Forward - 60:00
Defense - 60:00

Play by Play

1st period


0:01 of 1st period - Mikael Backlund wins face-off versus Mikko Koivu in neutral zone.
0:12 of 1st period - Shot by William Nylander.
0:12 of 1st period - Goal by William Nylander - ARIZONA : 1 - COLORADO : 0.
0:13 of 1st period - Sean Couturier wins face-off versus David Krejci in neutral zone.
0:18 of 1st period - Shot by Gabriel Landeskog.
0:18 of 1st period - Shot Blocked by Calvin de Haan.
0:20 of 1st period - Shot by Gabriel Landeskog.
0:20 of 1st period - Shot Misses the Net.
0:22 of 1st period - Shot by Gabriel Landeskog.
0:22 of 1st period - Shot Misses the Net.
0:24 of 1st period - Shot by Ron Hainsey.
0:24 of 1st period - Stopped by Carey Price without a rebound.
0:25 of 1st period - Patrik Berglund wins face-off versus Tomas Plekanec in COLORADO zone.
1:36 of 1st period - Shot by Mikael Backlund.
1:36 of 1st period - Shot Blocked by Dan Girardi.
1:38 of 1st period - Shot by William Nylander.
1:38 of 1st period - Shot Blocked by Mikko Koivu.
2:16 of 1st period - Jack Johnson is hit by Gabriel Landeskog.
2:24 of 1st period - Shot by Gabriel Landeskog.
2:24 of 1st period - Shot Misses the Net.
2:26 of 1st period - Shot by Ron Hainsey.
2:26 of 1st period - Shot Misses the Net.
2:28 of 1st period - Shot by Reilly Smith.
2:28 of 1st period - Stopped by Carey Price without a rebound.
2:29 of 1st period - Radek Faksa wins face-off versus David Krejci in COLORADO zone.
2:31 of 1st period - Minor Penalty to Bryan Rust for Tripping.
2:32 of 1st period - Sean Couturier wins face-off versus David Krejci in ARIZONA zone.
2:38 of 1st period - Icing by Jonas Brodin.
2:39 of 1st period - David Krejci wins face-off versus Sean Couturier in COLORADO zone.
3:18 of 1st period - Shot by Gabriel Landeskog.
3:18 of 1st period - Stopped by Carey Price with a rebound.
3:20 of 1st period - Shot by Mikael Backlund.
3:20 of 1st period - Stopped by Carey Price without a rebound.
3:21 of 1st period - Sean Couturier wins face-off versus Joe Thornton in COLORADO zone.
5:00 of 1st period - Artturi Lehkonen is hit by Bryan Rust and loses puck.
5:41 of 1st period - Shot by Mikael Backlund.
5:41 of 1st period - Shot Misses the Net.
5:56 of 1st period - Minor Penalty to Brandon Carlo for Delaying the game.
5:57 of 1st period - Mikael Backlund wins face-off versus Mikko Koivu in COLORADO zone.
6:04 of 1st period - Shot by Ron Hainsey.
6:04 of 1st period - Stopped by Carey Price without a rebound.
6:05 of 1st period - Tomas Plekanec wins face-off versus David Pastrnak in COLORADO zone.
6:24 of 1st period - Shot by Tomas Plekanec.
6:24 of 1st period - Shot Misses the Net.
6:26 of 1st period - Shot by Ian Cole.
6:26 of 1st period - Goal by Ian Cole - ARIZONA : 2 - COLORADO : 0.
6:27 of 1st period - David Krejci wins face-off versus Gabriel Landeskog in neutral zone.
6:32 of 1st period - Shot by Artem Anisimov.
6:32 of 1st period - Deflect By David Krejci.
6:32 of 1st period - Stopped by Curtis McElhinney without a rebound.
6:33 of 1st period - Sean Couturier wins face-off versus David Krejci in ARIZONA zone.
6:33 of 1st period - Sean Couturier is hit by Dylan Larkin.
6:40 of 1st period - Ian Cole is hit by Calvin de Haan and loses puck.
8:02 of 1st period - Mikko Koivu is hit by P.K. Subban and loses puck.
8:09 of 1st period - Shot by David Pastrnak.
8:09 of 1st period - Shot Misses the Net.
8:11 of 1st period - Shot by Mikko Koivu.
8:11 of 1st period - Deflect By David Pastrnak.
8:11 of 1st period - Shot Misses the Net.
8:13 of 1st period - Shot by David Pastrnak.
8:13 of 1st period - Stopped by Curtis McElhinney with a rebound.
8:15 of 1st period - Shot by Jack Johnson.
8:15 of 1st period - Shot Blocked by P.K. Subban.
8:17 of 1st period - Shot by Dan Girardi.
8:17 of 1st period - Deflect By David Pastrnak.
8:17 of 1st period - Shot Blocked by Adam Larsson.
8:44 of 1st period - Loui Eriksson is hit by Kevin Klein and loses puck.
8:52 of 1st period - Minor Penalty to Kevin Klein for Hooking.
8:53 of 1st period - Mikhail Grigorenko wins face-off versus Mikko Koivu in COLORADO zone.
8:54 of 1st period - Shot by Ian Cole.
8:54 of 1st period - Deflect By Bryan Rust.
8:54 of 1st period - Shot Misses the Net.
9:06 of 1st period - Shot by Ian Cole.
9:06 of 1st period - Stopped by Carey Price without a rebound.
9:07 of 1st period - Tomas Plekanec wins face-off versus Mikko Koivu in COLORADO zone.
9:34 of 1st period - Shot by William Nylander.
9:34 of 1st period - Deflect By Bryan Rust.
9:34 of 1st period - Goal by Bryan Rust - ARIZONA : 3 - COLORADO : 0.
9:35 of 1st period - David Krejci wins face-off versus Sean Couturier in neutral zone.
9:35 of 1st period - David Krejci is hit by Gabriel Landeskog.
9:50 of 1st period - Minor Penalty to David Krejci for Elbowing.
9:51 of 1st period - Joe Thornton wins face-off versus Mikael Backlund in COLORADO zone.
10:12 of 1st period - Shot by Justin Williams.
10:12 of 1st period - Shot Blocked by David Pastrnak.
10:14 of 1st period - Shot by Justin Williams.
10:14 of 1st period - Stopped by Carey Price with a rebound.
10:16 of 1st period - Shot by P.K. Subban.
10:16 of 1st period - Stopped by Carey Price without a rebound.
10:17 of 1st period - Joe Thornton wins face-off versus Tomas Plekanec in COLORADO zone.
10:36 of 1st period - Shot by William Nylander.
10:36 of 1st period - Stopped by Carey Price without a rebound.
10:37 of 1st period - Mikael Backlund wins face-off versus Mikko Koivu in COLORADO zone.
10:47 of 1st period - Icing by P.K. Subban.
10:48 of 1st period - Mikko Koivu wins face-off versus Mikael Backlund in ARIZONA zone.
10:57 of 1st period - Shot by P.K. Subban.
10:57 of 1st period - Stopped by Carey Price without a rebound.
10:58 of 1st period - Mikael Backlund wins face-off versus Mikko Koivu in COLORADO zone.
11:22 of 1st period - Shot by P.K. Subban.
11:22 of 1st period - Stopped by Carey Price without a rebound.
11:23 of 1st period - Tomas Plekanec wins face-off versus Joe Thornton in COLORADO zone.
12:12 of 1st period - Shot by Patrik Berglund.
12:12 of 1st period - Deflect By Adam Lowry.
12:12 of 1st period - Shot Misses the Net.
13:43 of 1st period - Shot by Dan Girardi.
13:43 of 1st period - Stopped by Curtis McElhinney without a rebound.
13:44 of 1st period - Radek Faksa wins face-off versus Mikko Koivu in ARIZONA zone.
13:48 of 1st period - Off-side.
13:49 of 1st period - Tomas Plekanec wins face-off versus David Pastrnak in neutral zone.
14:05 of 1st period - Tomas Plekanec is hit by Kevin Klein and loses puck.
14:22 of 1st period - David Pastrnak is hit by Ian Cole and loses puck.
14:26 of 1st period - Minor Penalty to Mikko Koivu for Cross-checking.
14:27 of 1st period - Mikael Backlund wins face-off versus Riley Sheahan in COLORADO zone.
14:34 of 1st period - Shot by P.K. Subban.
14:34 of 1st period - Shot Misses the Net.
14:36 of 1st period - Shot by P.K. Subban.
14:36 of 1st period - Deflect By Mikael Backlund.
14:36 of 1st period - Shot Misses the Net.
14:38 of 1st period - Shot by Mikael Backlund.
14:38 of 1st period - Shot Misses the Net.
14:50 of 1st period - Shot by Mikael Backlund.
14:50 of 1st period - Shot Misses the Net.
14:52 of 1st period - Shot by Adam Larsson.
14:52 of 1st period - Shot Misses the Net.
15:28 of 1st period - Off-side.
15:29 of 1st period - Tomas Plekanec wins face-off versus Joe Thornton in neutral zone.
15:42 of 1st period - Shot by William Nylander.
15:42 of 1st period - Goal by William Nylander - ARIZONA : 4 - COLORADO : 0.
15:43 of 1st period - David Krejci wins face-off versus Tomas Plekanec in neutral zone.
15:48 of 1st period - Shot by Dylan Larkin.
15:48 of 1st period - Shot Blocked by Brandon Manning.
16:04 of 1st period - Shot by David Krejci.
16:04 of 1st period - Shot Misses the Net.
16:56 of 1st period - Shot by David Pastrnak.
16:56 of 1st period - Stopped by Curtis McElhinney without a rebound.
16:57 of 1st period - Patrik Berglund wins face-off versus Sean Couturier in ARIZONA zone.
17:10 of 1st period - Icing by Ron Hainsey.
17:11 of 1st period - Mikko Koivu wins face-off versus Sean Couturier in ARIZONA zone.
17:44 of 1st period - Shot by David Pastrnak.
17:44 of 1st period - Stopped by Curtis McElhinney without a rebound.
17:45 of 1st period - William Nylander wins face-off versus David Krejci in ARIZONA zone.
17:50 of 1st period - Shot by P.K. Subban.
17:50 of 1st period - Shot Misses the Net.
17:52 of 1st period - Shot by Adam Larsson.
17:52 of 1st period - Stopped by Carey Price with a rebound.
18:02 of 1st period - Shot by William Nylander.
18:02 of 1st period - Stopped by Carey Price without a rebound.
18:03 of 1st period - Radek Faksa wins face-off versus Patrik Berglund in COLORADO zone.
18:08 of 1st period - Shot by Mikhail Grigorenko.
18:08 of 1st period - Shot Blocked by Kevin Klein.
18:15 of 1st period - Icing by P.K. Subban.
18:16 of 1st period - Mikko Koivu wins face-off versus Radek Faksa in ARIZONA zone.
18:19 of 1st period - Shot by David Pastrnak.
18:19 of 1st period - Stopped by Curtis McElhinney with a rebound.
18:59 of 1st period - Icing by Mikko Koivu.
19:00 of 1st period - Mikael Backlund wins face-off versus Mikko Koivu in COLORADO zone.
19:21 of 1st period - Icing by Ron Hainsey.
19:22 of 1st period - Mikael Backlund wins face-off versus Artem Anisimov in ARIZONA zone.
19:22 of 1st period - Mikael Backlund is hit by Dylan Larkin.
Goals for this period are 4 for ARIZONA vs 0 for COLORADO.
Shots for this period are 17 for ARIZONA vs 6 for COLORADO.

2nd period


0:01 of 2nd period - Sean Couturier wins face-off versus Mikko Koivu in neutral zone.
0:59 of 2nd period - Jonas Brodin is hit by Mikael Backlund and loses puck.
2:03 of 2nd period - Shot by Loui Eriksson.
2:03 of 2nd period - Shot Blocked by Jack Johnson.
2:05 of 2nd period - Shot by Nicklas Grossmann.
2:05 of 2nd period - Stopped by Carey Price without a rebound.
2:06 of 2nd period - Patrik Berglund wins face-off versus Tomas Plekanec in COLORADO zone.
2:22 of 2nd period - Icing by Loui Eriksson.
2:23 of 2nd period - Tomas Plekanec wins face-off versus Nick Bjugstad in ARIZONA zone.
2:23 of 2nd period - Loui Eriksson is hit by Nick Bjugstad and loses puck.
2:29 of 2nd period - Brandon Manning is hit by Artturi Lehkonen and loses puck.
2:34 of 2nd period - Shot by Brandon Manning.
2:34 of 2nd period - Stopped by Carey Price with a rebound.
2:36 of 2nd period - Shot by Tomas Plekanec.
2:36 of 2nd period - Shot Misses the Net.
2:38 of 2nd period - Shot by Alexander Burmistrov.
2:38 of 2nd period - Deflect By Loui Eriksson.
2:38 of 2nd period - Stopped by Carey Price with a rebound.
2:42 of 2nd period - Shot by Alexander Burmistrov.
2:42 of 2nd period - Stopped by Carey Price without a rebound.
2:43 of 2nd period - Sean Couturier wins face-off versus Patrik Berglund in COLORADO zone.
2:50 of 2nd period - Shot by Gabriel Landeskog.
2:50 of 2nd period - Shot Misses the Net.
3:04 of 2nd period - Shot by Gabriel Landeskog.
3:04 of 2nd period - Stopped by Carey Price with a rebound.
3:06 of 2nd period - Shot by Gabriel Landeskog.
3:06 of 2nd period - Stopped by Carey Price with a rebound.
3:10 of 2nd period - Shot by Gabriel Landeskog.
3:10 of 2nd period - Goal by Gabriel Landeskog - ARIZONA : 5 - COLORADO : 0.
3:11 of 2nd period - Mikael Backlund wins face-off versus Dylan Larkin in neutral zone.
3:22 of 2nd period - Shot by Mikael Backlund.
3:22 of 2nd period - Shot Blocked by Dan Girardi.
3:24 of 2nd period - Shot by P.K. Subban.
3:24 of 2nd period - Shot Misses the Net.
3:44 of 2nd period - Shot by Artem Anisimov.
3:44 of 2nd period - Shot Misses the Net.
4:20 of 2nd period - Jack Johnson is hit by Gabriel Landeskog and loses puck.
4:37 of 2nd period - Shot by Sean Couturier.
4:37 of 2nd period - Shot Hit the Post.
4:41 of 2nd period - Shot by Gabriel Landeskog.
4:41 of 2nd period - Shot Misses the Net.
4:43 of 2nd period - Shot by Gabriel Landeskog.
4:43 of 2nd period - Shot Misses the Net.
4:51 of 2nd period - Shot by Gabriel Landeskog.
4:51 of 2nd period - Goal by Gabriel Landeskog - ARIZONA : 6 - COLORADO : 0.
4:52 of 2nd period - Mikko Koivu wins face-off versus Tomas Plekanec in neutral zone.
4:55 of 2nd period - Shot by David Pastrnak.
4:55 of 2nd period - Shot Misses the Net.
5:11 of 2nd period - Shot by David Pastrnak.
5:11 of 2nd period - Shot Misses the Net.
5:21 of 2nd period - Shot by Loui Eriksson.
5:21 of 2nd period - Deflect By Alexander Burmistrov.
5:21 of 2nd period - Stopped by Carey Price with a rebound.
5:23 of 2nd period - Shot by Loui Eriksson.
5:23 of 2nd period - Stopped by Carey Price without a rebound.
5:24 of 2nd period - Radek Faksa wins face-off versus Patrik Berglund in COLORADO zone.
5:57 of 2nd period - Shot by Adam Lowry.
5:57 of 2nd period - Stopped by Curtis McElhinney without a rebound.
5:58 of 2nd period - Sean Couturier wins face-off versus Mikko Koivu in ARIZONA zone.
7:03 of 2nd period - Alexey Marchenko is hit by Mikael Backlund and loses puck.
7:11 of 2nd period - Alexey Marchenko is hit by Adam Larsson and loses puck.
7:23 of 2nd period - Off-side.
7:24 of 2nd period - Tomas Plekanec wins face-off versus Patrik Berglund in neutral zone.
7:55 of 2nd period - Shot by Jonas Brodin.
7:55 of 2nd period - Stopped by Curtis McElhinney without a rebound.
7:56 of 2nd period - Mikko Koivu wins face-off versus Mikael Backlund in ARIZONA zone.
8:05 of 2nd period - Shot by Mikko Koivu.
8:05 of 2nd period - Shot Blocked by P.K. Subban.
8:07 of 2nd period - Shot by Mikko Koivu.
8:07 of 2nd period - Shot Misses the Net.
8:33 of 2nd period - Shot by William Nylander.
8:33 of 2nd period - Stopped by Carey Price without a rebound.
8:34 of 2nd period - Reilly Smith wins face-off versus David Krejci in COLORADO zone.
8:34 of 2nd period - Reilly Smith is hit by Calvin de Haan.
8:58 of 2nd period - Shot by Dylan Larkin.
8:58 of 2nd period - Stopped by Curtis McElhinney without a rebound.
8:59 of 2nd period - Tomas Plekanec wins face-off versus Patrik Berglund in ARIZONA zone.
9:17 of 2nd period - Shot by Patrik Berglund.
9:17 of 2nd period - Shot Misses the Net.
9:19 of 2nd period - Shot by Patrik Berglund.
9:19 of 2nd period - Goal by Patrik Berglund - ARIZONA : 6 - COLORADO : 1.
9:20 of 2nd period - Mikael Backlund wins face-off versus Mikko Koivu in neutral zone.
9:25 of 2nd period - Dan Girardi is hit by Justin Williams and loses puck.
9:46 of 2nd period - Shot by Mikko Koivu.
9:46 of 2nd period - Goal by Mikko Koivu - ARIZONA : 6 - COLORADO : 2.
9:47 of 2nd period - Patrik Berglund wins face-off versus Sean Couturier in neutral zone.
9:53 of 2nd period - Icing by Ron Hainsey.
9:54 of 2nd period - Patrik Berglund wins face-off versus Sean Couturier in ARIZONA zone.
10:05 of 2nd period - Shot by Gabriel Landeskog.
10:05 of 2nd period - Shot Misses the Net.
10:11 of 2nd period - Shot by Sean Couturier.
10:11 of 2nd period - Stopped by Carey Price without a rebound.
10:12 of 2nd period - Mikael Backlund wins face-off versus David Krejci in COLORADO zone.
10:52 of 2nd period - Shot by David Krejci.
10:52 of 2nd period - Stopped by Curtis McElhinney without a rebound.
10:53 of 2nd period - Joe Thornton wins face-off versus Gabriel Landeskog in ARIZONA zone.
11:14 of 2nd period - Shot by Sean Couturier.
11:14 of 2nd period - Shot Misses the Net.
11:58 of 2nd period - Icing by Mikko Koivu.
11:59 of 2nd period - Mikko Koivu wins face-off versus Mikael Backlund in COLORADO zone.
12:14 of 2nd period - Shot by Adam Lowry.
12:14 of 2nd period - Shot Misses the Net.
12:24 of 2nd period - Shot by William Nylander.
12:24 of 2nd period - Stopped by Carey Price without a rebound.
12:25 of 2nd period - Dylan Larkin wins face-off versus Loui Eriksson in COLORADO zone.
13:01 of 2nd period - Kevin Klein is hit by Tomas Plekanec and loses puck.
14:03 of 2nd period - Icing by Nicklas Grossmann.
14:04 of 2nd period - Mikko Koivu wins face-off versus Tomas Plekanec in ARIZONA zone.
15:37 of 2nd period - Shot by Artem Anisimov.
15:37 of 2nd period - Stopped by Curtis McElhinney without a rebound.
15:38 of 2nd period - Patrik Berglund wins face-off versus Reilly Smith in ARIZONA zone.
16:00 of 2nd period - Carl Soderberg is hit by Ian Cole and loses puck.
16:49 of 2nd period - Shot by Justin Williams.
16:49 of 2nd period - Goal by Justin Williams - ARIZONA : 7 - COLORADO : 2.
16:50 of 2nd period - Mikko Koivu wins face-off versus Radek Faksa in neutral zone.
16:54 of 2nd period - Icing by P.K. Subban.
16:55 of 2nd period - Mikko Koivu wins face-off versus Radek Faksa in ARIZONA zone.
16:58 of 2nd period - Shot by David Pastrnak.
16:58 of 2nd period - Shot Misses the Net.
17:24 of 2nd period - Shot by Mikhail Grigorenko.
17:24 of 2nd period - Goal by Mikhail Grigorenko - ARIZONA : 8 - COLORADO : 2.
17:25 of 2nd period - Mikael Backlund wins face-off versus David Krejci in neutral zone.
17:39 of 2nd period - Shot by William Nylander.
17:39 of 2nd period - Shot Misses the Net.
17:49 of 2nd period - Shot by Dylan Larkin.
17:49 of 2nd period - Shot Misses the Net.
18:04 of 2nd period - Shot by Dylan Larkin.
18:04 of 2nd period - Shot Misses the Net.
18:06 of 2nd period - Shot by Nikita Nesterov.
18:06 of 2nd period - Stopped by Curtis McElhinney without a rebound.
18:07 of 2nd period - Sean Couturier wins face-off versus Nick Bjugstad in ARIZONA zone.
18:07 of 2nd period - Sean Couturier is hit by Nick Bjugstad.
18:10 of 2nd period - Icing by P.K. Subban.
18:11 of 2nd period - Mikko Koivu wins face-off versus Sean Couturier in ARIZONA zone.
18:14 of 2nd period - Shot by Joe Thornton.
18:14 of 2nd period - Goal by Joe Thornton - ARIZONA : 8 - COLORADO : 3.
18:15 of 2nd period - Artturi Lehkonen wins face-off versus Sean Couturier in neutral zone.
18:31 of 2nd period - Shot by Sean Couturier.
18:31 of 2nd period - Stopped by Carey Price without a rebound.
18:32 of 2nd period - Mikael Backlund wins face-off versus Mikko Koivu in COLORADO zone.
18:44 of 2nd period - Off-side.
18:45 of 2nd period - Sean Couturier wins face-off versus David Krejci in neutral zone.
18:48 of 2nd period - Shot by Reilly Smith.
18:48 of 2nd period - Shot Misses the Net.
18:50 of 2nd period - Shot by Adam Larsson.
18:50 of 2nd period - Stopped by Carey Price without a rebound.
18:51 of 2nd period - Sean Couturier wins face-off versus Mikko Koivu in COLORADO zone.
19:04 of 2nd period - Shot by P.K. Subban.
19:04 of 2nd period - Stopped by Carey Price with a rebound.
19:06 of 2nd period - Shot by Sean Couturier.
19:06 of 2nd period - Stopped by Carey Price without a rebound.
19:07 of 2nd period - Mikael Backlund wins face-off versus David Krejci in COLORADO zone.
Goals for this period are 4 for ARIZONA vs 3 for COLORADO.
Shots for this period are 19 for ARIZONA vs 9 for COLORADO.

3rd period


0:01 of 3rd period - Sean Couturier wins face-off versus Mikko Koivu in neutral zone.
0:08 of 3rd period - Shot by Sean Couturier.
0:08 of 3rd period - Shot Blocked by Brandon Carlo.
0:10 of 3rd period - Shot by Reilly Smith.
0:10 of 3rd period - Stopped by Carey Price without a rebound.
0:11 of 3rd period - Mikael Backlund wins face-off versus Patrik Berglund in COLORADO zone.
0:42 of 3rd period - Icing by Ian Cole.
0:43 of 3rd period - Mikko Koivu wins face-off versus Mikael Backlund in ARIZONA zone.
0:43 of 3rd period - Joe Thornton is hit by Ian Cole and loses puck.
0:45 of 3rd period - Minor Penalty to David Pastrnak for Tripping.
0:46 of 3rd period - Tomas Plekanec wins face-off versus Mikko Koivu in COLORADO zone.
0:51 of 3rd period - Shot by Adam Larsson.
0:51 of 3rd period - Stopped by Carey Price without a rebound.
0:52 of 3rd period - Mikko Koivu wins face-off versus Mikael Backlund in COLORADO zone.
1:06 of 3rd period - Mikael Backlund beats up Riley Sheahan.
1:06 of 3rd period - Penalty to Riley Sheahan for Fighting.
1:06 of 3rd period - Penalty to Mikael Backlund for Fighting.
1:06 of 3rd period - Penalty to Riley Sheahan for instigated a fight.
1:06 of 3rd period - Riley Sheahan is ejected from game.
1:07 of 3rd period - David Krejci wins face-off versus Tomas Plekanec in COLORADO zone.
1:45 of 3rd period - William Nylander is hit by Alexey Marchenko and loses puck.
1:48 of 3rd period - Shot by Tomas Plekanec.
1:48 of 3rd period - Stopped by Carey Price without a rebound.
1:49 of 3rd period - David Krejci wins face-off versus Tomas Plekanec in COLORADO zone.
2:08 of 3rd period - Shot by P.K. Subban.
2:08 of 3rd period - Shot Misses the Net.
2:10 of 3rd period - Shot by P.K. Subban.
2:10 of 3rd period - Shot Misses the Net.
2:52 of 3rd period - Shot by Justin Williams.
2:52 of 3rd period - Shot Misses the Net.
2:56 of 3rd period - Shot by Justin Williams.
2:56 of 3rd period - Stopped by Carey Price with a rebound.
2:58 of 3rd period - Shot by Ian Cole.
2:58 of 3rd period - Shot Misses the Net.
3:29 of 3rd period - Off-side.
3:30 of 3rd period - Mikko Koivu wins face-off versus Tomas Plekanec in neutral zone.
4:23 of 3rd period - Shot by Bryan Rust.
4:23 of 3rd period - Shot Blocked by Dan Girardi.
5:20 of 3rd period - Shot by Gabriel Landeskog.
5:20 of 3rd period - Stopped by Carey Price without a rebound.
5:21 of 3rd period - David Krejci wins face-off versus Radek Faksa in COLORADO zone.
5:33 of 3rd period - Icing by Brandon Carlo.
5:34 of 3rd period - David Krejci wins face-off versus Sean Couturier in COLORADO zone.
6:04 of 3rd period - Ian Cole is hit by David Krejci and loses puck.
6:05 of 3rd period - Minor Penalty to Dylan Larkin for Slashing.
6:06 of 3rd period - Mikael Backlund wins face-off versus Mikko Koivu in COLORADO zone.
6:19 of 3rd period - Shot by P.K. Subban.
6:19 of 3rd period - Shot Misses the Net.
6:21 of 3rd period - Shot by Justin Williams.
6:21 of 3rd period - Shot Misses the Net.
6:23 of 3rd period - Shot by Mikael Backlund.
6:23 of 3rd period - Shot Misses the Net.
6:25 of 3rd period - Shot by P.K. Subban.
6:25 of 3rd period - Shot Misses the Net.
7:09 of 3rd period - Shot by Tomas Plekanec.
7:09 of 3rd period - Deflect By William Nylander.
7:09 of 3rd period - Stopped by Carey Price with a rebound.
7:11 of 3rd period - Shot by Ian Cole.
7:11 of 3rd period - Shot Misses the Net.
7:13 of 3rd period - Shot by Bryan Rust.
7:13 of 3rd period - Shot Misses the Net.
7:15 of 3rd period - Shot by William Nylander.
7:15 of 3rd period - Deflect By Tomas Plekanec.
7:15 of 3rd period - Stopped by Carey Price without a rebound.
7:16 of 3rd period - Joe Thornton wins face-off versus Tomas Plekanec in COLORADO zone.
7:35 of 3rd period - Shot by Adam Larsson.
7:35 of 3rd period - Stopped by Carey Price without a rebound.
7:36 of 3rd period - Joe Thornton wins face-off versus Mikael Backlund in COLORADO zone.
8:04 of 3rd period - Icing by Ian Cole.
8:05 of 3rd period - Tomas Plekanec wins face-off versus David Krejci in ARIZONA zone.
8:12 of 3rd period - Shot by Brandon Manning.
8:12 of 3rd period - Stopped by Carey Price without a rebound.
8:13 of 3rd period - Nick Bjugstad wins face-off versus Bryan Rust in COLORADO zone.
8:28 of 3rd period - Shot by Mikhail Grigorenko.
8:28 of 3rd period - Stopped by Carey Price with a rebound.
8:54 of 3rd period - Shot by Radek Faksa.
8:54 of 3rd period - Stopped by Carey Price with a rebound.
9:54 of 3rd period - Adam Lowry is hit by Reilly Smith and loses puck.
10:16 of 3rd period - Ron Hainsey is hit by David Krejci and loses puck.
10:42 of 3rd period - Shot by Dylan Larkin.
10:42 of 3rd period - Shot Misses the Net.
10:50 of 3rd period - Shot by Artem Anisimov.
10:50 of 3rd period - Stopped by Curtis McElhinney without a rebound.
10:51 of 3rd period - Mikko Koivu wins face-off versus Mikael Backlund in ARIZONA zone.
11:00 of 3rd period - Shot by Mikko Koivu.
11:00 of 3rd period - Shot Misses the Net.
11:13 of 3rd period - Minor Penalty to Alexey Marchenko for Slashing.
11:14 of 3rd period - Mikko Koivu wins face-off versus Tomas Plekanec in COLORADO zone.
11:33 of 3rd period - Shot by P.K. Subban.
11:33 of 3rd period - Shot Misses the Net.
11:41 of 3rd period - Shot by William Nylander.
11:41 of 3rd period - Shot Misses the Net.
11:43 of 3rd period - Shot by Bryan Rust.
11:43 of 3rd period - Stopped by Carey Price with a rebound.
12:24 of 3rd period - Shot by Joe Thornton.
12:24 of 3rd period - Deflect By Adam Lowry.
12:24 of 3rd period - Shot Misses the Net.
12:36 of 3rd period - Shot by Brandon Manning.
12:36 of 3rd period - Shot Blocked by Nikita Nesterov.
12:38 of 3rd period - Shot by Mikael Backlund.
12:38 of 3rd period - Shot Misses the Net.
12:40 of 3rd period - Shot by Mikhail Grigorenko.
12:40 of 3rd period - Stopped by Carey Price without a rebound.
12:41 of 3rd period - Mikko Koivu wins face-off versus Mikael Backlund in COLORADO zone.
12:56 of 3rd period - Shot by Justin Williams.
12:56 of 3rd period - Shot Misses the Net.
12:58 of 3rd period - Shot by Ron Hainsey.
12:58 of 3rd period - Shot Misses the Net.
13:00 of 3rd period - Shot by Ian Cole.
13:00 of 3rd period - Stopped by Carey Price without a rebound.
13:01 of 3rd period - Tomas Plekanec wins face-off versus Joe Thornton in COLORADO zone.
13:04 of 3rd period - Shot by P.K. Subban.
13:04 of 3rd period - Stopped by Carey Price with a rebound.
13:06 of 3rd period - Shot by Tomas Plekanec.
13:06 of 3rd period - Stopped by Carey Price without a rebound.
13:07 of 3rd period - Tomas Plekanec wins face-off versus Mikko Koivu in COLORADO zone.
13:30 of 3rd period - Shot by Loui Eriksson.
13:30 of 3rd period - Shot Hit the Post.
14:37 of 3rd period - David Krejci is hit by Adam Larsson and loses puck.
14:45 of 3rd period - P.K. Subban is hit by Brandon Carlo and loses puck.
15:49 of 3rd period - Off-side.
15:50 of 3rd period - Tomas Plekanec wins face-off versus Nick Bjugstad in neutral zone.
16:00 of 3rd period - Off-side.
16:01 of 3rd period - Radek Faksa wins face-off versus Patrik Berglund in neutral zone.
16:07 of 3rd period - Icing by Adam Lowry.
16:08 of 3rd period - Patrik Berglund wins face-off versus Sean Couturier in COLORADO zone.
16:08 of 3rd period - Patrik Berglund is hit by Gabriel Landeskog.
16:16 of 3rd period - Nicklas Grossmann is hit by Adam Lowry and loses puck.
16:22 of 3rd period - Minor Penalty to Brandon Manning for Tripping.
16:23 of 3rd period - Mikko Koivu wins face-off versus Sean Couturier in ARIZONA zone.
16:39 of 3rd period - Shot by Mikko Koivu.
16:39 of 3rd period - Stopped by Curtis McElhinney without a rebound.
16:40 of 3rd period - David Krejci wins face-off versus Sean Couturier in ARIZONA zone.
18:04 of 3rd period - Shot by Sean Couturier.
18:04 of 3rd period - Stopped by Carey Price without a rebound.
18:05 of 3rd period - Mikko Koivu wins face-off versus Radek Faksa in COLORADO zone.
18:05 of 3rd period - Mikko Koivu is hit by Radek Faksa.
18:11 of 3rd period - P.K. Subban is hit by Joe Thornton.
18:41 of 3rd period - Shot by Mikael Backlund.
18:41 of 3rd period - Stopped by Carey Price without a rebound.
18:42 of 3rd period - Nick Bjugstad wins face-off versus Tomas Plekanec in COLORADO zone.
18:42 of 3rd period - Nick Bjugstad is hit by Tomas Plekanec.
19:16 of 3rd period - Shot by Mikko Koivu.
19:16 of 3rd period - Shot Misses the Net.
19:18 of 3rd period - Shot by Brandon Carlo.
19:18 of 3rd period - Shot Misses the Net.
19:20 of 3rd period - Shot by Artturi Lehkonen.
19:20 of 3rd period - Shot Misses the Net.
19:49 of 3rd period - Shot by Mikael Backlund.
19:49 of 3rd period - Stopped by Carey Price with a rebound.
19:51 of 3rd period - Shot by Mikael Backlund.
19:51 of 3rd period - Shot Misses the Net.
Goals for this period are 0 for ARIZONA vs 0 for COLORADO.
Shots for this period are 19 for ARIZONA vs 2 for COLORADO.